 Dungeon Crawl Stone Soup version 0.26.1 (webtiles) character file.

Game seed: 11608562221342994478

916 hatsuma the Fighter (level 7, -1/65 (71) HPs)
             Began as a Minotaur Fighter on Feb 5, 2021.
             Was an Initiate of Ru.
             Slain by a hell rat (2 damage)
             ... on level 5 of the Dungeon.
             The game lasted 00:23:26 (5167 turns).

hatsuma the Fighter (Minotaur Fighter)              Turns: 5167, Time: 00:23:28

HP:   -1/65 (71)    AC: 12    Str: 20    XL:     7   Next: 83%
MP:   6/6           EV:  5    Int:  5    God:    Ru [......]
Gold: 242           SH:  9    Dex: 12    Spells: 6/6 levels left

rFire    . . .     SeeInvis .   a - +0 long sword
rCold    . . .     Faith    .   c - +0 kite shield
rNeg     . . .     Spirit   .   s - +0 chain mail
rPois    .         Reflect  .   o - +1 hat
rElec    .         Harm     .   (no cloak)
rCorr    .         Rampage  .   k - +1 pair of gloves
Will     .....                  (no boots)
Stlth    ..........             (no amulet)
HPRegen  0.20/turn              (no ring)
MPRegen  0.10/turn              (no ring)

@: drained
A: retaliatory headbutt, horns 2, screaming 1
a: Renounce Religion


You were on level 5 of the Dungeon.
You worshipped Ru.
Ru was noncommittal.
You visited 2 branches of the dungeon, and saw 6 of its levels.

You collected 242 gold pieces.

Inventory:

Hand Weapons
 a - a +0 long sword (weapon)
Missiles
 h - 16 boomerangs (quivered)
 m - 4 boomerangs of dispersal
Armour
 c - a +0 kite shield (worn)
 k - a +1 pair of gloves (worn)
 o - a +1 hat (worn)
 s - a +0 chain mail (worn)
Scrolls
 b - a scroll of blinking {unknown}
 f - 2 scrolls of magic mapping
 g - a scroll of fear
 j - 3 scrolls of remove curse
 n - a scroll of amnesia
 q - a scroll of teleportation {unknown}
 r - a scroll of enchant weapon {unknown}
 u - a scroll of random uselessness {unknown}
 w - 2 scrolls of enchant armour
Potions
 d - 2 potions of might
 e - a potion of heal wounds
 i - 2 potions of flight
 l - a potion of cancellation
 p - 3 potions of brilliance {unknown}
 t - a potion of lignification {unknown}
 v - a potion of attraction {unknown}


   Skills:
 + Level 9.8 Fighting
 - Level 6.1 Long Blades
 - Level 3.6 Armour
 - Level 3.6 Shields


You had 6 spell levels left.
You didn't know any spells.
Your spell library was empty.

Dungeon Overview and Level Annotations

Branches:
Dungeon (5/15)             Temple (1/1) D:4

Altars:
Ashenzari
Cheibriados
Dithmenos
Elyvilon
Fedhas
Gozag
Hepliaklqana
Kikubaaqudgha
Makhleb
Okawaru
Qazlal
Ru
Sif Muna
Uskayaw
Vehumet
Wu Jian
Xom
Yredelemnul
The Shining One

Shops:
D:5 *


Innate Abilities, Weirdness & Mutations

You reflexively headbutt those who attack you in melee.
You have a pair of horns on your head.
You occasionally shout uncontrollably at your foes.


Message History

The hell rat barely misses you.
You riposte.
You barely miss the hell rat.
The hell rat is heavily wounded.
You closely miss the hell rat. Your headbutt misses the hell rat.
The hell rat is heavily wounded.
You block the hell rat's attack.
You closely miss the hell rat. Your headbutt misses the hell rat.
The hell rat is heavily wounded.
The hell rat bites you!
You feel drained. You block the hell rat's attack.
You barely miss the hell rat.
You headbutt the hell rat, but do no damage.
The hell rat is heavily wounded.
The hell rat bites you but does no damage.
You closely miss the hell rat.
The hell rat is heavily wounded.
The hell rat bites you!
* * * LOW HITPOINT WARNING * * *
The hell rat bites you!
* * * LOW HITPOINT WARNING * * *
You feel drained.
You die...

###..##.#.# ###
####....##...##### #.##
#.......#......#.. ##..#
#####.....##..#......
#...#####.#.#.....##..###.###
##.....#.#.##..........#...#
######....##.##.##.............##
...##....##.####.###........##..#
....#.####.## #@##..............
..##..# #.## ##r#.........#....
...#..###.# ##r#.........#....
.......#.## #.r#..............
......###.# #r.#..............
......(#.## #†.#..........#..#
.......#.# ..#.#.##.....#.####
.......#.## ...#..#.##.....#.....
....)†.##†##... .####...#..###.#.


You could see a hell rat, a river rat and a rat.

Vanquished Creatures
  Eustachio (D:4)
  Menkaure (D:5)
  A centaur (D:5)
  2 bullfrog skeletons
  A gnoll shaman (D:4)
  Natasha (D:3)
  2 worker ants (D:4)
  2 orc wizards (D:5)
  2 hell rats (D:5)
  A hound skeleton (D:4)
  Robin (D:3)
  3 gnolls (D:4)
  2 river rats (D:5)
  12 adders
  A shadow imp (D:5)
  A white imp (D:5)
  An ooze (D:1)
  An adder skeleton (D:5)
  An adder zombie (D:5)
  4 worms
  2 dart slugs
  5 leopard geckos
  10 orcs
  3 ball pythons
  3 giant cockroaches
  17 goblins
  11 hobgoblins
  8 kobolds
  A quokka (D:2)
  2 bats (D:1)
  4 frilled lizards
  A leopard gecko zombie (D:5)
  16 rats
124 creatures vanquished.

Notes
Turn   | Place    | Note
-------+----------+-------------------------------------------
     0 | D:1      | hatsuma the Minotaur Fighter began the quest for the Orb.
     0 | D:1      | Reached XP level 1. HP: 19/19 MP: 0/0
   260 | D:1      | Reached XP level 2. HP: 26/26 MP: 1/1
   820 | D:1      | Reached XP level 3. HP: 33/33 MP: 2/2
   973 | D:2      | Reached skill level 4 in Fighting
  1545 | D:2      | Reached XP level 4. HP: 31/41 MP: 3/3
  1563 | D:2      | Found a snail-covered altar of Cheibriados.
  1691 | D:2      | Reached skill level 5 in Fighting
  2048 | D:3      | Found a hazy altar of Hepliaklqana.
  2333 | D:3      | Noticed Robin
  2342 | D:3      | Killed Robin
  2366 | D:3      | Reached XP level 5. HP: 47/48 MP: 4/4
  2711 | D:3      | Noticed Natasha
  2716 | D:3      | Killed Natasha
  2717 | D:3      | Reached skill level 5 in Long Blades
  2906 | D:4      | Found a staircase to the Ecumenical Temple.
  2916 | Temple   | Entered the Ecumenical Temple
  3153 | Temple   | Became a worshipper of Ru the Awakened
  3351 | D:4      | Reached XP level 6. HP: 57/57 MP: 5/5
  3369 | D:4      | Reached skill level 6 in Fighting
  3735 | D:4      | Noticed Eustachio
  3777 | D:4      | Killed Eustachio
  3778 | D:4      | Reached skill level 7 in Fighting
  3933 | D:4      | Found a hide-covered altar of Uskayaw.
  3938 | D:4      | Found a glowing golden altar of the Shining One.
  3943 | D:4      | Found an ornate altar of the Wu Jian Council.
  4086 | D:5      | Entered Level 5 of the Dungeon
  4098 | D:5      | Reached XP level 7. HP: 53/67 MP: 6/6
  4146 | D:5      | Reached skill level 8 in Fighting
  4222 | D:5      | Found Riowas's General Store.
  4309 | D:5      | Gained mutation: You occasionally shout uncontrollably at
                  | your foes. [Ru sacrifice]
  4312 | D:5      | Noticed Menkaure
  4511 | D:5      | Killed Menkaure
  4512 | D:5      | Reached skill level 9 in Fighting
  5167 | D:5      | HP: 1/67 [hell rat (11)]
  5167 | D:5      | Slain by a hell rat

Illustrated notes

Levels and vault maps discovered:
D:1:      wander_arrival_peaceful_grave, layout_basic
D:2:      minmay_razor_zed, layout_loops_ring, cheibriados_altar_1
D:3:      layout_basic, lemuel_doored_altar, uniq_natasha, uniq_robin
D:4:      layout_rooms, minmay_overflow_temple_star_quad, temple_green,
          kennysheep_generic_room_16, uniq_eustachio
D:5:      wander_guarded_unrand_ratskin, layout_cave_pools, serial_shops, shop,
          uniq_menkaure
Temple:   eino_temple_water

Skill      XL: |  1  2  3  4  5  6  7 |
---------------+----------------------+-----
Long Blades    | 3 4 6 |  6.1
Fighting       | 4 5 7 9 |  9.8
Armour         | |  3.6
Shields        | |  3.6

Action                   |  1- 3 |  4- 6 |  7- 9 || total
-------------------------+-------+-------+-------++-------
Melee: Long sword        |    82 |   168 |    97 ||   347
       Headbutt          |    11 |    30 |    17 ||    58
Invok: Sacrifice Purity  |       |       |     1 ||     1
  Use: Scroll            |     4 |     5 |       ||     9
Armor: Scale mail        |    46 |    25 |       ||    71
       Chain mail        |       |    68 |    46 ||   114
Dodge: Dodged            |    30 |    49 |    13 ||    92
Block: Kite shield       |    33 |    91 |    54 ||   178
       Rpst.: Long sword |     4 |    12 |     4 ||    20
